 Dungeon Crawl Stone Soup version 0.19-a0-1920-g83281cb (webtiles) character file.

44 poirepourri the Charmwright (level 3, -2/25 HPs)
             Began as a High Elf Skald on Oct 23, 2016.
             Slain by a gnoll
             ... wielding a +0 flail
              (9 damage)
             ... on level 2 of the Dungeon.
             The game lasted 00:01:48 (1817 turns).

poirepourri the Charmwright (High Elf Skald)        Turns: 1817, Time: 00:01:49

Health: -2/25      AC:  3    Str:  8 (11) XL:     3   Next: 41%
Magic:  2/8        EV: 11    Int: 15 (16) God:
Gold:   82         SH:  0    Dex: 13 (15) Spells: 3 memorised, 2 levels left

rFire  . . .     SeeInvis .     a - +0 short sword
rCold  . . .     Gourm    .     b - +0 leather armour
rNeg   . . .     Faith    .     (no shield)
rPois  .         Spirit   .     (no helmet)
rElec  .         Reflect  .     (no cloak)
rCorr  .         Harm     .     (no gloves)
MR     .....                    (no boots)
Stlth  +.........               (no amulet)
                                (no ring)
                                (no ring)

@: infused (expiring), hasted, very quick
A: no striking features
a: no special abilities


You were on level 2 of the Dungeon.
You were not hungry.

You visited 1 branch of the dungeon, and saw 2 of its levels.

You collected 82 gold pieces.

Inventory:

Hand Weapons
 a - a +0 short sword (weapon)
Armour
 b - a +0 leather armour (worn)
Jewellery
 e - a cursed -3 ring of strength {unknown}
 n - an uncursed ring of protection from magic {unknown}
Wands
 g - a wand of iceblast (4/15)
Scrolls
 j - a scroll of noise {unknown}
 l - a scroll of teleportation
 m - a scroll of identify {unknown}
Potions
 h - 2 potions of degeneration
 i - a potion of heal wounds {unknown}
 k - a potion of agility {unknown}
Books
 c - a book of Battle

   Spells                             Type                      Level
   a - Infusion                       Charms                       1
   b - Shroud of Golubria             Charms/Translocation         2
   c - Song of Slaying                Charms                       2
   d - Spectral Weapon                Hexes/Charms                 3
   e - Regeneration                   Charms/Necromancy            3
Comestibles
 d - a bread ration


   Skills:
 + Level 2.4 Fighting
 + Level 3.1 Short Blades
 - Level 0.8 Armour
 + Level 1.5 Dodging
 + Level 2.9 Spellcasting
 + Level 4.1 Charms


You had 2 spell levels left.
You knew the following spells:

 Your Spells              Type           Power        Failure   Level  Hunger
a - Infusion              Chrm           ##..         8%          1    #......
b - Shroud of Golubria    Chrm/Tloc      #.........   21%         2    ##.....
c - Song of Slaying       Chrm           ##......     10%         2    ##.....


Dungeon Overview and Level Annotations

Branches:
Dungeon (2/15)

Altars:


Message History

You barely miss the gnoll.
The gnoll is moderately wounded.
The leopard gecko bites you. The gnoll hits you but does no damage.
You hit the gnoll.
The gnoll is heavily wounded.
The leopard gecko bites you.
* * * LOW HITPOINT WARNING * * *
You closely miss the gnoll.
The gnoll is heavily wounded.
The gnoll closely misses you.
The leopard gecko hisses menacingly.
The leopard gecko completely misses you.
It was a potion of degeneration.
There was something very wrong with that liquid.
You feel weakened.
You feel dopey.
You feel clumsy.
Your magical infusion is running out.
The leopard gecko misses you. The gnoll misses you.
It was a potion of haste.
You feel yourself speed up. The leopard gecko closely misses you.
The gnoll hits you with a flail!
You die...

....#.#.......#..#.#.
..# ....#.#.......#..#
....#.#########..#
....#.# #..#
....#.#########..#
....#...(..(((.)<#
....##########(#g#
.........# #.#l#
....####'### #.#@#
...........# #.#g#
#.#.#......# #.#..
...........# #.####
#.#.#......# #.#
...........# #........
#.#.#......######.####
.............# #
#.#.#........#


You could see a gnoll, a leopard gecko and a goblin.

Vanquished Creatures
  A gnoll (D:2)
  A worm (D:2)
  A dart slug (D:1)
  A leopard gecko (D:1)
  4 bats (D:1)
  2 giant cockroaches
  6 goblins
  4 hobgoblins
  2 kobolds (D:1)
  A frilled lizard (D:1)
  5 rats (D:1)
28 creatures vanquished.

Notes
Turn   | Place    | Note
-------+----------+-------------------------------------------
     0 | D:1      | poirepourri the High Elf Skald began the quest for the Orb.
     0 | D:1      | Reached XP level 1. HP: 14/14 MP: 4/4
   228 | D:1      | Reached XP level 2. HP: 8/19 MP: 2/6
   477 | D:1      | Learned a level 2 spell: Shroud of Golubria
   480 | D:1      | Learned a level 2 spell: Song of Slaying
   838 | D:1      | Reached skill level 4 in Charms
  1157 | D:2      | Reached XP level 3. HP: 21/24 MP: 6/8
  1817 | D:2      | Slain by a gnoll

Vault maps used:
D:1:      dpeg_arrival_pond, roderic_lattice_a
D:2:      serial_glass, glass_columns_c, glass_columns_b, first_bread

Skill      XL: |  1  2  3 |
---------------+----------+-----
Charms         | 4 |  4.1
Short Blades   | 3 |  3.1
Fighting       | |  2.4
Armour         | |  0.8
Dodging        | |  1.5
Spellcasting   | |  2.9

Action                   || total
-------------------------++-------
Melee: Short sword       ||    89
 Cast: Infusion          ||     6
       Shroud of Golubri ||     2
  Use: Scroll            ||     1
       Potion            ||     2
  Eat: Fruit             ||     2
       Bread ration      ||     1
Armor: Leather armour    ||    36
Dodge: Dodged            ||    70
